 Dungeon Crawl Stone Soup version 0.30-a0-12-gd8047c6341 (webtiles) character file.

Game seed: 12069879696992318279

753 greasedhog the Sneak (level 7, -3/36 HPs)
             Began as a Gargoyle Wanderer on Aug 23, 2022.
             Splashed by a jelly's acid (10 damage)
             ... on level 4 of the Dungeon.
             The game lasted 00:08:39 (4679 turns).

greasedhog the Sneak (Gargoyle Wanderer)            Turns: 4679, Time: 00:08:40

Health: -3/36      AC: -2    Str: 16    XL:     7   Next: 79%
Magic:  8/8        EV: 11    Int: 11    God:
Gold:   225        SH:  0    Dex: 12    Spells: 7/8 levels left

rFire   . . .      SeeInvis .    a - +3 dagger
rCold   . . .      Faith    .    (no shield)
rNeg    + . .      Spirit   .    e - +0 leather armour
rPois   ∞          Reflect  .    i - +0 helmet
rElec   +          Harm     .    c - +0 cloak
rCorr   .          Rampage  .    (no gloves)
Will    .....                    (no boots)
Stlth   +.........               (no amulet)
HPRegen 0.12/turn                q - +4 ring of protection
MPRegen 0.11/turn                (no ring)

@: confused, ambrosia-drunk, corroded
A: sickness immunity, AC +4, negative energy resistance 1, electricity
resistance, torment resistance 1, petrification resistance
a: no special abilities


You were on level 4 of the Dungeon.
You visited 1 branch of the dungeon, and saw 4 of its levels.

You collected 225 gold pieces.

Inventory:

Hand Weapons
 a - a +3 dagger (weapon)
Missiles
 b - 4 curare-tipped darts (quivered)
Armour
 c - a +0 cloak (worn)
 e - a +0 leather armour (worn)
 i - a +0 helmet (worn)
Jewellery
 q - a +4 ring of protection (left hand)
Wands
 h - a wand of roots (2)
Scrolls
 d - a scroll of poison {unknown}
 l - 2 scrolls of immolation
 p - 3 scrolls of identify
 s - a scroll of vulnerability
 t - a scroll of fog
 u - a scroll of fear {unknown}
Potions
 k - a potion of haste
 m - a potion of invisibility {unknown}
 n - a potion of brilliance
 o - a potion of magic {unknown}


   Skills:
 * Level 4.8 Short Blades
 - Level 4.5 Throwing
 - Level 1.0 Dodging
 * Level 7.5 Stealth
 - Level 1.0 Spellcasting
 - Level 2.0 Poison Magic


You had 7 spell levels left.
You knew the following spells:

 Your Spells              Type           Power      Damage    Failure   Level
a - Sting                 Tmut/Pois      8%         1d3       26%         1

Your spell library contained the following spells:

 Spells                   Type           Power      Damage    Failure   Level
 Apportation              Tloc           0%         N/A       36%         1
 Necrotise                Necr           0%         1d4       36%         1
 Summon Small Mammal      Summ           0%         N/A       36%         1
 Ignite Poison            Fire/Tmut/Pois 2%         N/A       67%         3
 Mephitic Cloud           Conj/Pois/Air  2%         N/A       67%         3
 Conjure Flame            Conj/Fire      0%         6-21      75%         3
 Sticky Flame             Conj/Fire      0%         2d3       98%         4


Dungeon Overview and Level Annotations

Branches:
Dungeon (4/15)
 Temple: D:4-7

Altars:
Gozag
Xom


Innate Abilities, Weirdness & Mutations

You are immune to sickness and miasma.
Your stone body is resilient. (AC +4)
You are immune to poison.
You resist negative energy. (rN+)
You are resistant to electric shocks. (rElec)
You are resistant to unholy torment.
You are immune to petrification.


Message History

Throw: 4 darts (curare)
Press: ? - help, Q - select action, (/) - cycle Shift-Dir - straight line, f - iguana
Aim: an iguana (heavily wounded, 63% to hit)
You throw a curare-tipped dart. The curare-tipped dart hits the iguana.
The iguana is poisoned.
The iguana convulses.
You kill the iguana!
b - 4 curare-tipped darts (gained 1)
You see here an iguana corpse.
A jelly is nearby!
A jelly is nearby!
A jelly is nearby!
The jelly quivers.
You hit the jelly. The acid corrodes you!
Your hands burn!
The jelly is heavily wounded.
You hit the jelly.
Your hands burn!
The jelly is severely wounded.
The jelly closely misses you.
You hit the jelly. The acid corrodes you!
Your hands burn!
The jelly is severely wounded.
The jelly hits you. The acid corrodes you!
You are splashed with acid!
You completely miss the jelly.
The jelly is severely wounded.
The jelly closely misses you.
You hit the jelly but do no damage.
Your hands burn!
The jelly is severely wounded.
You hit the jelly.
Your hands burn!
* * * LOW HITPOINT WARNING * * *
The jelly is severely wounded.
The jelly hits you.
* * * LOW HITPOINT WARNING * * *
The acid corrodes you!
You are splashed with acid!
* * * LOW HITPOINT WARNING * * *
It was a potion of ambrosia.
You are confused.
You feel invigorated. The jelly completely misses you. The jelly hits you.
* * * LOW HITPOINT WARNING * * *
You are splashed with acid!
You die...

####.#.#
#.#..........#.
#....#.#
#.>......##..##
#.####.#
#..........##.. #.#
##.###..#####.#.#..#
#.#
#.......#####.#..#.#
#.#
#..####.....#.#.##..
#.# #..#
#####.#..[..#. #.#
#..########.# #...##
#####.#
#.J@†.†.....# ####..
#.....#
##.##############..#
##.#### #..
........#.# #.# ###
#########.. #.#
......#. #.#
####..## #.# #.# #
#.# ##. #. # #.#
.#.####### #.


You could see a jelly.

Vanquished Creatures
  Pikel (D:4)
  An ogre (D:4)
  An iguana (D:4)
  An orc wizard (D:4)
  8 adders
  5 dart slugs
  4 orcs
  2 bats (D:3)
  12 endoplasms
  5 giant cockroaches
  5 goblins
  7 hobgoblins
  8 jackals
  8 kobolds
  A quokka (D:3)
  8 ball pythons
  A frilled lizard (D:3)
  5 rats
83 creatures vanquished.

Vanquished Creatures (others)
  13 fungi (D:4)
13 creatures vanquished.

Grand Total: 96 creatures vanquished

Notes
Turn   | Place    | Note
-------+----------+-------------------------------------------
     0 | D:1      | greasedhog the Gargoyle Wanderer began the quest for the
                  | Orb.
     0 | D:1      | greasedhog set off with the following items: a +2 dagger, 4
                  | curare-tipped darts, a +0 cloak, a scroll of blinking, a +0
                  | leather armour; and the following spell memorised: Sting;
                  | and the following spells available to memorise: Mephitic
                  | Cloud.
     0 | D:1      | Reached XP level 1. HP: 10/10 MP: 2/2
   305 | D:1      | Reached skill level 2 in Stealth
   305 | D:1      | Reached XP level 2. HP: 9/15 MP: 3/3
  1031 | D:1      | Reached skill level 1 in Short Blades
  1267 | D:1      | Reached XP level 3. HP: 19/19 MP: 4/4
  1281 | D:1      | Reached skill level 3 in Stealth
  1560 | D:1      | Found a faded altar of an unknown god.
  1741 | D:2      | Found an opulent altar of Gozag.
  2251 | D:2      | Reached XP level 4. HP: 24/24 MP: 5/5
  2602 | D:3      | Reached skill level 4 in Stealth
  3198 | D:4      | Reached XP level 5. HP: 28/28 MP: 6/6
  3201 | D:4      | Noticed an ogre
  3418 | D:4      | Killed an ogre
  3419 | D:4      | Reached skill level 5 in Stealth
  3419 | D:4      | Reached XP level 6. HP: 32/32 MP: 7/7
  3551 | D:4      | Found a shimmering altar of Xom.
  3725 | D:4      | Noticed Pikel
  3760 | D:4      | Killed Pikel
  3761 | D:4      | Reached skill level 7 in Stealth
  3761 | D:4      | Reached XP level 7. HP: 21/36 MP: 8/8
  4677 | D:4      | HP: 1/36 [acid (7)]
  4679 | D:4      | Splashed by a jelly's acid

Illustrated notes

Levels and vault maps discovered:
D:1:      roderic_dead_forest, layout_basic,
          hellmonk_ecumenical_altar_leap_of_faith
D:2:      layout_loops_corners, basic_altar
D:3:      cheibrodos_helix_gallery, layout_rooms, grunt_decor_cap,
          hangedman_decor_opposing
D:4:      layout_basic, mainiacjoe_overflow_cross_hatched, nicolae_eternal_life,
          lemuel_flame_loot_1, uniq_pikel

Skill      XL: |  1  2  3  4  5  6 |
---------------+-------------------+-----
Stealth        | 2 3 4 5 7 |  7.5
Short Blades   | 1 2 4 |  4.8
Throwing       | |  4.5
Dodging        | |  1.0
Spellcasting   | |  1.0
Poison Magic   | |  2.0

Action                   |  1- 3 |  4- 6 |  7- 9 || total
-------------------------+-------+-------+-------++-------
Melee: Dagger            |   125 |   164 |    38 ||   327
       Punch             |     1 |     2 |       ||     3
Throw: Dart              |       |       |     2 ||     2
Evoke: Wand              |       |     4 |     2 ||     6
  Use: Scroll            |       |     5 |     2 ||     7
       Potion            |       |     4 |     1 ||     5
 Stab: Sleeping          |     6 |    10 |     3 ||    19
Armor: Leather armour    |    49 |    80 |    10 ||   139
Dodge: Dodged            |    76 |    69 |    13 ||   158

Table legend: (Time is in decaauts)
 A = Elapsed time spent in this place.
 B = Non-inter-level travel time spent in this place.
 C = Inter-level travel time spent in this place.
 D = Time resting spent in this place.
 E = Time spent auto-exploring this place.
 F = Levels seen in this place.
 G = Mean time per level.
                   A        B        C        D        E       F      G
               +--------+--------+--------+--------+--------+-----+--------+
         Total |   4625 |   4472 |    153 |    709 |   2968 |   4 | 1156.2 |
       Dungeon |   4625 |   4472 |    153 |    709 |   2968 |   4 | 1156.2 |
               +--------+--------+--------+--------+--------+-----+--------+

Top non-repeatable levels by time:
     D:1: 1625 daAuts
     D:4: 1398 daAuts
     D:2: 933 daAuts
     D:3: 667 daAuts
